Map: Eternal Empire LE

Players

Massa

  • Race: Terran Terran
  • League: Platinum
  • Spawn Location: 7:00

ALEX - Winner!

  • Race: Terran Terran
  • League: Platinum
  • Spawn Location: 1:00

VOD

Have the link to the VOD?

Description

Time

  • Played on: Sept. 27, 2020, 6:57 a.m.
  • Length: 8:55
Show
View Real Time Build Order
Export as new Build Order

Massa Terran 

Build Orders: Reaper Expand 

Get SALT Encoding   

  12  0:00  SCV  
  13  0:12  SCV  
  14  0:21  Supply Depot  
  14  0:24  SCV  
  15  0:40  Refinery  
  15  0:43  SCV  
  15  0:46  Barracks  
  16  0:55  SCV  
  17  1:07  SCV  
  18  1:19  SCV  
  19  1:33  Orbital Command  
  19  1:35  Reaper  
  20  1:46  Command Center  
  20  2:00  SCV  
  21  2:12  SCV  
  21  2:28  SCV  
  22  2:36  Factory  
  22  2:40  SCV, Command Center  
  22  2:59  Orbital Command  
  22  3:01  Marine  
  23  3:06  Bunker  
  23  3:14  Supply Depot  
  23  3:19  Marine  
  24  3:20  Factory Reactor  
  24  3:26  Orbital Command  
  21  3:39  Marine  
  20  3:45  Barracks  
  20  3:46  Barracks  
  20  3:47  Barracks  
  19  3:55  Orbital Command  
  18  3:57  Marine  
  16  4:06  Hellion  
  16  4:19  Marine  
  16  4:21  Hellion  
  17  4:25  SCV  
  17  4:27  SCV  
  19  4:36  Hellion  
  19  4:37  SCV, Marine  
  20  5:00  Marine x3  
  20  5:05  SCV  
  24  5:09  SCV  
  25  5:17  Marine  
  25  5:18  SCV, Marine  
  28  5:34  Barracks Tech Lab  
  28  5:39  Engineering Bay  
  28  5:40  SCV x3  
  31  5:46  Starport  
  31  5:52  SCV x2  
  33  6:05  Barracks Reactor  
  33  6:06  Marine x2, Supply Depot  
  33  6:09  Marauder  
  31  6:26  Viking  
  31  6:30  Marauder  
  35  6:56  Viking  
  35  7:08  Widow Mine x2  
  34  7:14  Marauder, Marine x2  
  34  7:39  Marine x2  
  24  8:10  Marine x4  
  27  8:28  Marine x2  
Show
View Real Time Build Order
Export as new Build Order

ALEX Terran - Winner!

Build Orders:  

Get SALT Encoding   

  12  0:00  SCV  
  13  0:12  SCV  
  14  0:17  Supply Depot  
  14  0:25  Refinery  
  14  0:28  SCV  
  15  0:41  Barracks  
  15  0:44  Barracks  
  15  0:52  Refinery  
  15  0:56  SCV  
  16  1:08  SCV  
  17  1:20  SCV  
  18  1:34  Factory  
  18  1:38  Reaper  
  19  1:42  SCV  
  20  1:53  Supply Depot  
  20  1:56  SCV  
  20  2:19  Reaper  
  20  2:20  Hellion  
  22  2:25  Supply Depot  
  22  2:41  Hellion  
  24  3:03  Orbital Command  
  24  3:08  Starport  
  24  3:09  Supply Depot  
  24  3:12  Barracks Tech Lab  
  20  4:49  Factory Tech Lab  
  20  4:50  Liberator  
  23  4:58  SCV  
  24  5:04  Supply Depot  
  24  5:07  Siege Tank  
  26  5:32  Viking  
  28  5:40  Siege Tank  
  31  5:49  Barracks Tech Lab  
  31  5:52  Factory  
  31  5:53  SCV  
  31  5:54  Armory  
  32  5:59  Engineering Bay, Command Center  
  32  6:02  Viking  
  34  6:05  SCV  
  35  6:12  Siege Tank  
  35  6:17  SCV  
  38  6:29  SCV  
  39  6:32  Viking  
  41  6:53  Siege Tank  
  44  7:02  Viking  
  43  7:24  Siege Tank  
  43  7:25  Siege Tank  
  49  7:32  Viking  
  51  8:02  Viking  
Tags
 
Add a new tag
Caveats
  • Supply blocks, unpowered buildings, or Contaminate may cause inaccurate times.
  • Supply counts are checked every 10 seconds.